 Dungeon Crawl Stone Soup version 0.25-a0-1079-g858b6a6ff6 (webtiles) character file.

Game seed: 15944014085829471416, levelgen mode: deterministic

3621 wullow the Stinger (level 9, -2/68 HPs)
             Began as a Demonspawn Venom Mage on May 13, 2020.
             Was a Follower of Okawaru.
             Slain by a centaur (8 damage)
             ... on level 8 of the Dungeon on May 15, 2020.
             The game lasted 00:59:11 (11864 turns).

wullow the Stinger (Demonspawn Venom Mage)         Turns: 11864, Time: 00:59:12

Health: -2/68      AC:  7    Str:  9    XL:     9   Next: 86%
Magic:  0/17       EV: 12    Int: 19    God:    Okawaru [*.....]
Gold:   490        SH:  5    Dex: 14    Spells: 6/18 levels left

rFire    . . .     SeeInvis +   k - +1 dagger
rCold    . . .     Gourm    .   (no shield)
rNeg     . . .     Faith    .   D - +1 robe {MR+}
rPois    .         Spirit   +   (no helmet)
rElec    .         Reflect  +   G - +0 cloak
rCorr    .         Harm     .   y - +0 pair of gloves
MR       ++...                  (no boots)
Stlth    ++........             o - amulet of reflection
HPRegen  0.21/turn              v - ring of see invisible
MPRegen  0.30/turn              a - ring of protection from magic

@: about to teleport, very slightly contaminated
A: thin metallic scales 1, powered by death 2, magic shield, magic regeneration
a: Heroism, Renounce Religion


You were on level 8 of the Dungeon.
You worshipped Okawaru.
Okawaru was aware of your devotion.
You were not hungry.

You visited 2 branches of the dungeon, and saw 9 of its levels.
You also visited: Ossuary.

You collected 490 gold pieces.

Inventory:

Hand Weapons
 k - a +1 dagger (weapon)
 w - a +0 rapier
 M - a +4 battleaxe
Missiles
 d - 302 stones (quivered)
 e - 59 bolts
 m - 26 poisoned darts
 s - 88 sling bullets
 t - a throwing net
 C - 70 arrows
Armour
 x - a +2 robe of positive energy
 y - a +0 pair of gloves (worn)
 D - a +1 robe of magic resistance (worn)
 G - a +0 cloak (worn)
 I - +0 steam dragon scales
Jewellery
 a - a ring of protection from magic (right hand)
 o - an amulet of reflection (around neck)
 v - a ring of see invisible (left hand)
Wands
 E - a wand of flame (13)
 F - a wand of acid (8)
Scrolls
 b - 2 scrolls of enchant weapon
 h - a scroll of magic mapping
 l - 2 scrolls of teleportation
 p - 2 scrolls of remove curse
Potions
 f - a potion of invisibility
 g - a potion of might
 i - 8 potions of mutation
 j - a potion of magic
 n - a potion of haste
 q - 2 potions of cancellation
 r - a potion of brilliance
 u - 2 potions of ambrosia
 z - a potion of stabbing
 B - 4 potions of flight
 H - a potion of lignification
Comestibles
 c - 12 rations


   Skills:
 + Level 5.1 Fighting
 - Level 1.7 Dodging
 - Level 1.7 Stealth
 + Level 5.4 Spellcasting
 - Level 4.0 Conjurations
 * Level 3.1 Hexes
 * Level 2.7 Charms
 - Level 4.0 Transmutations
 - Level 4.0 Fire Magic
 - Level 4.0 Air Magic
 + Level 6.9 Poison Magic


You had 6 spell levels left.
You knew the following spells:

 Your Spells              Type           Power        Failure   Level  Hunger
a - Sting                 Tmut/Pois      ####         1%          1    None
b - Poisonous Vapours     Pois/Air       ####..       1%          2    None
c - Mephitic Cloud        Conj/Pois/Air  ###.....     4%          3    ##.....
d - Ignite Poison         Fire/Tmut/Pois ###.....     4%          3    ##.....
e - Spectral Weapon       Hex/Chrm       ###.....     11%         3    ##.....

Your spell library contained the following spells:

 Spells                   Type           Power        Failure   Level  Hunger
 Infusion                 Chrm           ###.         3%          1    None
 Song of Slaying          Chrm           ###.....     6%          2    None
 Olgreb's Toxic Radiance  Pois           ####....     7%          4    ####...
 Shroud of Golubria       Chrm/Tloc      ##....       10%         2    None
 Ozocubu's Armour         Chrm/Ice       ##......     21%         3    ##.....


Dungeon Overview and Level Annotations

Branches:
Dungeon (8/15)             Temple (1/1) D:6         Ossuary (visited)
   Lair: D:8-11

Altars:
Ashenzari
Cheibriados
Dithmenos
Elyvilon
Fedhas
Gozag
Hepliaklqana
Kikubaaqudgha
Makhleb
Nemelex Xobeh
Okawaru
Qazlal
Ru
Trog
Vehumet
Wu Jian
Xom
The Shining One

Shops:
D:5 %[(=


Innate Abilities, Weirdness & Mutations

You are partially covered in thin metallic scales. (AC +2)
You regenerate health from kills.
When hurt, damage is shared between your health and your magic reserves.
You regenerate magic rapidly.


Message History

The centaur is moderately wounded.
The centaur hits you.
* * * LOW HITPOINT WARNING * * *
Okay, then.
Okay, then.
You hit the centaur.
The centaur is moderately wounded.
The centaur looks more healthy.
The centaur barely misses you.
The centaur hits you but does no damage.
Casting: Sting (safe; 1% risk of failure)
Confirm with . or Enter, or press ? or * to list all spells.
Aiming: Sting (safe; 1% risk of failure)
Press: ? - help, Shift-Dir - straight line, f/p - centaur
Aim: a centaur, quivering 5 arrows (moderately wounded)
The sting hits the centaur.
The centaur is poisoned.
The centaur is moderately wounded.
The centaur closely misses you.
As you read the scroll of teleportation, it crumbles to dust.
You feel strangely unstable. The centaur hits you!
You die...

#........# #.######.#
#.#<.....# #.#####..# #.# #..#
#.# #..# #####.#####..####
##########............##..
.........@c...(...=.......
###########.#.....######..
#.##.......W....
..#############.#####.######..
........c.....(....##.# #..
#.....).<.().....##.# ##.
#........####.##..#o# #W
#........#.##.......# #.
#..............#..### #†


You could see a centaur (poisoned).

Vanquished Creatures
  Maggie (D:6)
  A hippogriff (D:8)
  Sigmund (D:6)
  Menkaure (D:5)
  2 porcupines (D:8)
  4 orc warriors
  An eye of draining (D:8)
  A phantom (D:8)
  A sky beast (D:5)
  3 ogres
  A crocodile (D:8)
  Blork the orc (D:5)
  A water moccasin zombie (D:8)
  8 scorpions
  A wyvern skeleton (D:7)
  5 wights (D:7)
  A crimson imp (D:8)
  4 centaur zombies (Ossuary)
  A human zombie (Ossuary)
  An iron imp (D:6)
  2 hounds
  2 jellies
  A bullfrog skeleton (D:8)
  A centaur skeleton (D:8)
  3 iguanas
  Natasha (D:4)
  3 orc wizards
  4 worker ants
  3 mummies (Ossuary)
  A worker ant zombie (D:6)
  10 gnolls
  2 scorpion zombies (Ossuary)
  11 adders
  An ooze (D:2)
  An adder skeleton (D:7)
  2 worms
  A dart slug (D:1)
  6 leopard geckos
  25 orcs
  6 giant cockroaches
  6 goblins
  6 hobgoblins
  20 jackals
  6 quokkas
  2 ball pythons
  8 bats
  4 frilled lizards
  2 gnoll zombies (Ossuary)
  A goblin zombie (Ossuary)
  2 hobgoblin zombies (Ossuary)
  2 jackal skeletons (D:5)
  10 kobolds
  4 kobold zombies (Ossuary)
  A leopard gecko zombie (D:6)
  3 orc zombies (Ossuary)
  A quokka zombie (D:7)
  11 rats
215 creatures vanquished.

Vanquished Creatures (others)
  12 fungi (D:8)
  A plant (D:8)
13 creatures vanquished.

Grand Total: 228 creatures vanquished

Notes
Turn   | Place    | Note
-------+----------+-------------------------------------------
     0 | D:1      | wullow the Demonspawn Venom Mage began the quest for the
                  | Orb.
     0 | D:1      | Reached XP level 1. HP: 13/13 MP: 3/3
    64 | D:1      | Reached skill level 1 in Transmutations
   297 | D:1      | Gained mutation: When hurt, damage is shared between your
                  | health and your magic reserves. [demonic ancestry]
   297 | D:1      | Reached XP level 2. HP: 17/19 MP: 0/5
   301 | D:1      | Learned a level 2 spell: Poisonous Vapours
  1026 | D:1      | Gained mutation: You regenerate magic rapidly. [demonic
                  | ancestry]
  1026 | D:1      | Reached XP level 3. HP: 8/24 MP: 0/6
  2111 | D:2      | Upgraded the game from 0.25-a0-1056-g2efb326896 to
                  | 0.25-a0-1073-gf4359a17dd
  2115 | D:2      | Learned a level 3 spell: Mephitic Cloud
  2293 | D:2      | Found a shimmering altar of Xom.
  2397 | D:2      | Reached XP level 4. HP: 30/30 MP: 2/7
  2466 | D:2      | Found a faded altar of an unknown god.
  2830 | D:2      | Reached skill level 1 in Conjurations
  3628 | D:3      | Reached skill level 1 in Air Magic
  3649 | D:3      | Gained mutation: You regenerate a little health from kills.
                  | [demonic ancestry]
  3649 | D:3      | Reached XP level 5. HP: 31/35 MP: 5/9
  3910 | D:3      | Noticed an ogre
  3947 | D:3      | Killed an ogre
  3947 | D:3      | Reached skill level 1 in Fighting
  4671 | D:4      | Gained mutation: You regenerate health from kills. [demonic
                  | ancestry]
  4671 | D:4      | Reached XP level 6. HP: 43/43 MP: 7/10
  4810 | D:4      | Learned a level 3 spell: Ignite Poison
  5124 | D:4      | Reached skill level 1 in Fire Magic
  5124 | D:4      | Reached skill level 4 in Poison Magic
  5425 | D:4      | Noticed Natasha
  5431 | D:4      | Killed Natasha
  5660 | D:4      | Reached XP level 7. HP: 47/49 MP: 7/11
  5757 | D:5      | Entered Level 5 of the Dungeon
  5866 | D:5      | Found Gac Lont's Antique Weapon Shoppe.
  5884 | D:5      | Found an opulent altar of Gozag.
  5884 | D:5      | Noticed Blork the orc
  5889 | D:5      | Killed Blork the orc
  5922 | D:5      | Found Qeonlourr's Antique Armour Shop.
  5928 | D:5      | Found Iplos's Gadget Boutique.
  6030 | D:5      | Found a sand-covered staircase.
  6037 | Ossuary  | Entered an ossuary
  6755 | Ossuary  | Reached XP level 8. HP: 56/57 MP: 2/13
  6759 | Ossuary  | Reached skill level 5 in Poison Magic
  7434 | D:5      | Found Zohutec's Jewellery Boutique.
  7456 | D:5      | Noticed Menkaure
  7477 | D:5      | Killed Menkaure
  7974 | D:5      | Reached skill level 6 in Poison Magic
  8053 | D:5      | Found Osazaog's Food Emporium.
  8346 | D:6      | Found a snail-covered altar of Cheibriados.
  8496 | D:6      | Upgraded the game from 0.25-a0-1073-gf4359a17dd to
                  | 0.25-a0-1079-g858b6a6ff6
  9220 | D:6      | Found a staircase to the Ecumenical Temple.
  9220 | D:6      | Noticed Maggie
  9250 | D:6      | Killed Maggie
  9250 | D:6      | Gained mutation: You are partially covered in thin metallic
                  | scales. (AC +2) [demonic ancestry]
  9250 | D:6      | Reached XP level 9. HP: 47/65 MP: 2/16
  9270 | Temple   | Entered the Ecumenical Temple
  9415 | Temple   | Became a worshipper of Warmaster Okawaru
  9483 | D:6      | Noticed Sigmund
  9489 | D:6      | Killed Sigmund
  9564 | D:6      | Found a white marble altar of Elyvilon.
 10461 | D:7      | Learned a level 3 spell: Spectral Weapon
 10650 | D:7      | Reached skill level 5 in Spellcasting
 11001 | D:7      | Reached skill level 1 in Hexes
 11359 | D:7      | Reached skill level 1 in Charms
 11662 | D:8      | Reached * piety under Okawaru
 11773 | D:8      | Reached skill level 5 in Fighting
 11864 | D:8      | Slain by a centaur

Illustrated notes

Levels and vault maps discovered:
D:1:      dpeg_arrival_three_same_balls, layout_basic
D:2:      layout_loops_ring, lemuel_crystal_altar,
          chequers_ecumenical_altar_grove, kennysheep_nondescript
D:3:      minmay_general_purpose_star, layout_basic, first_ration,
          serial_bayou_ford_a, serial_bayou_crossing
D:4:      layout_gridville, hangedman_abyss_or_decor_stagger,
          minmay_misc_feat_rows, kennysheep_generic_room_12, uniq_natasha
D:5:      layout_basic, grunt_gozag_statues, serial_shops, shop,
          kennysheep_little_box, shop, shop, kennysheep_mini_moat,
          lightli_ossuary_entry_decrepit_ruins, minmay_checkerbox,
          uniq_menkaure, uniq_blork_the_orc
D:6:      layout_basic, slow_altar_1, lemuel_coloured_pillars_altar,
          minmay_temple_entry_drinking_statues, uniq_sigmund, uniq_maggie
D:7:      minmay_klotski, layout_loops_cross
D:8:      layout_basic, zin_purify, grunt_lair_entry_orc_guard_hut, uniq_grum
Temple:   nicolae_temple_great_sept

Skill      XL: |  1  2  3  4  5  6  7  8  9 |
---------------+----------------------------+-----
Transmutations | 1 2 3 4 |  4.0
Conjurations   | 1 2 3 4 |  4.0
Air Magic      | 1 2 3 4 |  4.0
Fighting       | 1 2 4 5 |  5.1
Spellcasting   | 3 4 5 |  5.4
Fire Magic     | 1 2 3 4 |  4.0
Poison Magic   | 4 6 |  6.9
Hexes          | 3 |  3.1
Charms         | 2 |  2.7
Dodging        | |  1.7
Stealth        | |  1.7

Action                   |  1- 3 |  4- 6 |  7- 9 || total
-------------------------+-------+-------+-------++-------
Melee: Unarmed           |    19 |       |       ||    19
       Dagger            |    38 |    30 |   238 ||   306
       Battleaxe         |       |       |    11 ||    11
 Cast: Sting             |    69 |   108 |   157 ||   334
       Poisonous Vapours |     2 |    15 |    46 ||    63
       Mephitic Cloud    |       |       |    38 ||    38
       Ignite Poison     |       |       |    27 ||    27
       Spectral Weapon   |       |       |     4 ||     4
  Use: Scroll            |       |       |    27 ||    27
       Potion            |       |       |     3 ||     3
 Stab: Sleeping          |     2 |     3 |     2 ||     7
       Confused          |       |       |     2 ||     2
  Eat: Chunk             |     5 |    11 |    19 ||    35
       Ration            |       |       |     2 ||     2
Armor: Robe              |    24 |     8 |    56 ||    88
Dodge: Dodged            |    76 |    49 |   164 ||   289
Block: Other             |       |       |    51 ||    51
       Reflection        |       |       |     2 ||     2

Table legend:
 A = Non-vault XP
 B = Vault XP
 C = Vault XP percentage of total XP
 D = Non-vault monster count
 E = Vault monster count
 F = Vault count percentage of total count
                 A         B        C        D         E       F
            +---------+---------+-------+---------+---------+-------
      Total |    2968 |    2205 |  42.6 |     166 |      49 |  22.8
            +---------+---------+-------+---------+---------+-------
        D:1 |      57 |       0 |   0.0 |      32 |       0 |   0.0
        D:2 |      88 |       0 |   0.0 |      21 |       0 |   0.0
        D:3 |     212 |      22 |   9.4 |      26 |       4 |  13.3
        D:4 |     282 |      80 |  22.1 |      12 |       3 |  20.0
        D:5 |     239 |     282 |  54.1 |      14 |       6 |  30.0
        D:6 |     379 |     665 |  63.7 |      23 |       3 |  11.5
        D:7 |     937 |       0 |   0.0 |      26 |       0 |   0.0
        D:8 |     774 |     380 |  32.9 |      12 |       4 |  25.0
    Ossuary |       0 |     776 | 100.0 |       0 |      29 | 100.0
            +---------+---------+-------+---------+---------+-------
